 Dungeon Crawl Stone Soup version 0.31-a0-702-gf82c85558f (webtiles) character file.

Game seed: 6541999616298295546

320 qw the Shooter (level 6, 0/38 HPs)
             Began as a Gargoyle Hunter on Sept 7, 2023.
             Slain by an orc wizard
             ... wielding a +0 dagger
              (1 damage)
             ... on level 5 of the Dungeon.
             The game lasted 00:01:29 (3234 turns).

qw the Shooter (Gargoyle Hunter)                    Turns: 3234, Time: 00:01:29

Health: 0/38       AC: 12    Str: 14    XL:     6   Next: 46%
Magic:  6/6        EV: 25    Int: 10    God:
Gold:   195        SH:  0    Dex: 15    Spells: 5/5 levels left

rFire   . . .        Y - +1 shortbow
rCold   + . .        (shield currently unavailable)
rNeg    + . .        h - +0 ring mail
rPois   inf          (no helmet)
rElec   +            d - +2 cloak
rCorr   .            (no gloves)
SInv    .            (no boots)
Will    .....        a - amulet of the acrobat Stlth
                     k - ring of protection from cold
HPRegen 0.26/turn    (no ring)
MPRegen 0.10/turn

%: acrobat
@: confused, acrobatic
A: sickness immunity, AC +4, negative energy resistance 1, electricity
resistance, torment resistance 1, petrification resistance
a: no special abilities


You were on level 5 of the Dungeon.
You visited 2 branches of the dungeon, and saw 6 of its levels.

You collected 195 gold pieces.


Innate Abilities, Weirdness & Mutations

You are immune to sickness and miasma.
Your stone body is resilient. (AC +4)
You are immune to poison.
You resist negative energy. (rN+)
You are resistant to electric shocks. (rElec)
You are resistant to unholy torment.
You are immune to petrification.


   Skills:
 - Level 4.0 Fighting
 + Level 6.7 Ranged Weapons
 - Level 1.0 Armour
 - Level 1.5 Dodging
 - Level 1.1 Stealth


You had 5 spell levels left.
You didn't know any spells.
Your spell library was empty.

Inventory:

Hand Weapons
 Y - a +1 shortbow (weapon)
Armour
 d - a +2 cloak (worn)
 h - a +0 ring mail (worn)
Jewellery
 a - an amulet of the acrobat (around neck)
 k - a ring of protection from cold (left hand)
Scrolls
 b - a scroll of identify
 e - a scroll of enchant armour
 n - a scroll of teleportation
Potions
 c - a potion of attraction {unknown}
 f - a potion of might
 g - a potion of brilliance {unknown}
 i - a potion of haste {unknown}
 j - a potion of enlightenment {unknown}
 m - a potion of curing {unknown}

Dungeon Overview and Level Annotations

Branches:
Dungeon (5/15)             Temple (1/1) D:4

Altars:
Cheibriados
Gozag
Hepliaklqana
Nemelex Xobeh
Qazlal
Ru
Trog
Vehumet
Wu Jian
Xom
Yredelemnul
Zin
The Shining One

Shops:
D:1 [   D:4 *

Annotations:
D:4 1 runed translucent door, 2 transporters, qw's ghost, amateur GrHu
D:5 Edmund


Message History

You shoot an arrow. The arrow hits Edmund.
Edmund is lightly wounded.
Edmund barely misses you. The orc barely misses you.
The orc wizard hits you but does no damage.
The orc wizard casts a spell at you. The magic dart hits you.
The orc priest calls down the wrath of Beogh upon you.
Beogh smites you!
3228 |||
Found retreat position at 0,-1 (orc wizard; floor) with 0 blocking monsters and 3 monsters attacking at destination at distance 1 You shoot an arrow.
The arrow hits Edmund but does no damage.
Edmund is lightly wounded.
Edmund hits you but does no damage. The orc hits you but does no damage.
The orc wizard gestures at you while chanting.
You are confused.
The orc wizard barely misses you.
The orc priest hits you from afar with a +0 trident.
Edmund completely misses you.
The orc wizard hits you but does no damage.
The orc completely misses you. The orc wizard misses you.
The orc priest completely misses you. Edmund hits you but does no damage.
The orc wizard completely misses you. The orc completely misses you.
The orc wizard closely misses you.
The orc priest mumbles some strange prayers to Beogh against you.
Beogh smites you! Edmund misses you. The orc misses you.
The orc wizard barely misses you. The orc wizard closely misses you.
The orc priest misses you. Edmund hits you but does no damage.
The orc wizard closely misses you. The orc completely misses you.
The orc wizard completely misses you.
The orc priest hits you but does no damage.
Edmund misses you. The orc wizard barely misses you. The orc barely misses you.
The orc wizard casts a spell.
The orc wizard flickers and vanishes!
Deactivating autopickup; reactivate with Ctrl-A.
The orc priest closely misses you. Edmund completely misses you.
The orc wizard casts a spell at you.
You are more confused.
The orc hits you with a +0 hand axe. Something hits you.
You die...

###
#..
#.#
#{####
#@o..#
#@o..#
#.o..#
#....#
#....#
#....#
..#+##
#.#
...


You could see Edmund, an orc priest, an orc wizard and an orc.

Vanquished Creatures
  An orc priest (D:3)
  Jessica (D:3)
  3 orc wizards
  8 adders
  4 dart slugs
  3 worms
  10 orcs
  5 endoplasms
  3 giant cockroaches
  4 goblins
  10 hobgoblins
  15 jackals
  A quokka (D:3)
  3 ball pythons
  4 bats
  2 frilled lizards (D:2)
  8 kobolds
  A kobold skeleton (D:4)
  5 rats
91 creatures vanquished.

Notes
Turn   | Place    | Note
-------+----------+-------------------------------------------
     0 | D:1      | qw the Gargoyle Hunter began the quest for the Orb.
     0 | D:1      | Reached XP level 1. HP: 12/12 MP: 1/1
     0 | D:1      | 0 ||| qw: Version: 0.3-a-76-g4403597
     0 | D:1      | 0 ||| qw: Game counter: 875
     0 | D:1      | 0 ||| qw: Melee chars always use a shield: true
     0 | D:1      | 0 ||| qw: God list: Okawaru
     0 | D:1      | 0 ||| qw: Allow faded altars: false
     0 | D:1      | 0 ||| qw: Do Orc after clearing Dungeon:15 true
     0 | D:1      | 0 ||| qw: Do second Lair branch before Depths: true
     0 | D:1      | 0 ||| qw: Lair rune preference: random
     0 | D:1      | 0 ||| qw: Goals: Normal
     0 | D:1      | 0 ||| PLANNING D:1-11
   132 | D:1      | Reached XP level 2. HP: 8/17 MP: 2/2
   282 | D:1      | Found Mewasi's Armour Shoppe.
   287 | D:1      | 287 ||| SHOPLISTING +0 helmet (63 gold, have 10).
   287 | D:1      | 287 ||| SHOPLISTING +0 ring mail (56 gold, have 10).
   287 | D:1      | 287 ||| SHOPLISTING +1 robe of willpower (177 gold, have
                  | 10).
   287 | D:1      | 287 ||| SHOPLISTING +2 pair of boots of Inevitability
                  | {rElec rF+ Dex-5} (350 gold, have 10).
   731 | D:1      | Reached XP level 3. HP: 21/21 MP: 3/3
   931 | D:1      | Reached skill level 5 in Ranged Weapons
   936 | D:1      | 936 ||| UPGRADING to +0 ring mail.
   946 | D:1      | 946 ||| DROPPING +0 leather armour.
   947 | D:1      | 947 ||| READING scroll labelled HICKY XAAK.
   948 | D:1      | 948 ||| READING 2 scrolls labelled GASTUQ YRHO.
   949 | D:1      | 949 ||| READING scroll labelled GOIL JERGHIYZ.
   949 | D:1      | Identified a scroll of acquirement
   949 | D:1      | 949 ||| ACQUIRING amulet of the acrobat
   949 | D:1      | Acquired an amulet of the acrobat
   951 | D:1      | 951 ||| UPGRADING to amulet of the acrobat.
   956 | D:1      | 956 ||| DROPPING scroll of butterflies.
  1174 | D:2      | Reached skill level 1 in Armour
  1387 | D:2      | 1387 ||| FLEEEEING.
  1566 | D:2      | 1566 ||| UPGRADING to +0 cloak.
  1571 | D:2      | 1571 ||| READING scroll of enchant armour.
  1571 | D:2      | 1571 ||| ENCHANTING +0 cloak.
  1572 | D:2      | 1572 ||| DROPPING +6 ring of intelligence.
  1573 | D:2      | 1573 ||| READING scroll labelled XOOTWEO YLOT.
  1574 | D:2      | 1574 ||| READING scroll labelled ICYLYE FILESO.
  1575 | D:2      | 1575 ||| READING scroll labelled YZXOOSS OSOAMY.
  1576 | D:2      | 1576 ||| READING scroll labelled ZORAIZ DUTEXE.
  1609 | D:3      | Reached skill level 3 in Fighting
  1609 | D:3      | Reached XP level 4. HP: 23/28 MP: 4/4
  1700 | D:3      | Reached XP level 5. HP: 26/32 MP: 5/5
  1803 | D:3      | Reached skill level 6 in Ranged Weapons
  2433 | D:3      | Noticed Jessica
  2437 | D:3      | Killed Jessica
  2562 | D:3      | 2562 ||| UPGRADING to ring of protection from cold.
  2563 | D:3      | 2563 ||| READING scroll labelled NOKIKK ITIUL.
  2567 | D:3      | 2567 ||| READING scroll labelled JEAC NALUZ.
  2568 | D:3      | 2568 ||| READING 2 scrolls of identify.
  2568 | D:3      | 2568 ||| IDENTIFYING puce potion
  2583 | D:4      | 2583 ||| STAIRDANCE
  2589 | D:3      | Reached XP level 6. HP: 30/38 MP: 6/6
  2641 | D:4      | 2641 ||| READING scroll of enchant armour.
  2641 | D:4      | 2641 ||| ENCHANTING +1 cloak.
  2672 | D:4      | Found a staircase to the Ecumenical Temple.
  2673 | D:4      | 2673 ||| PLANNING TEMPLE
  2675 | D:4      | 2675 ||| Stepping ~*~*~tactically~*~*~ (outnumbered).
  2676 | D:4      | 2676 ||| Stepping ~*~*~tactically~*~*~ (outnumbered).
  2677 | D:4      | 2677 ||| Stepping ~*~*~tactically~*~*~ (outnumbered).
  2678 | D:4      | 2678 ||| Stepping ~*~*~tactically~*~*~ (outnumbered).
  2702 | Temple   | Found a transporter.
  2702 | Temple   | Found a transporter.
  2702 | Temple   | Found a transporter.
  2702 | Temple   | Found a transporter.
  2702 | Temple   | Entered the Ecumenical Temple
  2703 | Temple   | 2703 ||| PLANNING D:1-11
  2852 | D:4      | Found a runed translucent door.
  2852 | D:4      | Noticed a human
  2858 | D:4      | Found a basalt altar of Yredelemnul.
  2979 | D:4      | Found a glowing silver altar of Zin.
  3094 | D:4      | Found Futoshus's Elemental Accessories.
  3118 | D:4      | Found a transporter.
  3120 | D:4      | Noticed qw's ghost (amateur GrHu)
  3125 | D:4      | Found a transporter.
  3153 | D:4      | 3153 ||| DRINKING 2 white potions.
  3192 | D:4      | 3192 ||| DROPPING potion of lignification.
  3223 | D:5      | Entered Level 5 of the Dungeon
  3223 | D:5      | Noticed Edmund
  3224 | D:5      | 3224 ||| Stepping ~*~*~tactically~*~*~ (retreating).
  3230 | D:5      | HP: 4/38 [orc priest/divine providence (11)]
  3234 | D:5      | HP: 1/38 [orc/+0 hand axe (4)]
  3234 | D:5      | Slain by an orc wizard

Levels and vault maps discovered:
D:1:      dpeg_arrival_tiny_g, layout_basic, serial_shops,
          nicolae_shop_hallway_stairs
D:2:      layout_loops_cross
D:3:      layout_basic, supply_closet_lemuel, uniq_jessica
D:4:      layout_rooms, dk_yredelemnul_ordeal, lemuel_round_altar,
          minmay_temple_entry_trees, gammafunk_ghost_smash,
          nicolae_elemental_shop
D:5:      layout_basic, kennysheep_mini_moat, elyvilon_altar_4,
          lemuel_round_altar, gammafunk_ghost_grave, serial_shops, shop,
          uniq_edmund
Temple:   hellmonk_temple_divided_pantheon

Skill      XL: |  1  2  3  4  5 |
---------------+----------------+-----
Ranged Weapons | 5 6 |  6.7
Armour         | 1 |  1.0
Fighting       | 3 4 |  4.0
Dodging        | |  1.5
Stealth        | |  1.1

Action                     |  1- 3 |  4- 6 || total
---------------------------+-------+-------++-------
   Fire: Shortbow          |   166 |   195 ||   361
    Use: Scroll            |     8 |     4 ||    12
         Potion            |       |     1 ||     1
 Armour: Leather armour    |    59 |       ||    59
         Ring mail         |    26 |   102 ||   128
  Dodge: Dodged            |    84 |    82 ||   166

Table legend:
 A = Non-vault XP
 B = Vault XP
 C = Vault XP percentage of total XP
 D = Non-vault monster count
 E = Vault monster count
 F = Vault count percentage of total count
                 A         B        C        D         E       F
            +---------+---------+-------+---------+---------+-------
      Total |     420 |      38 |   8.3 |      89 |       2 |   2.2
            +---------+---------+-------+---------+---------+-------
        D:1 |      40 |       0 |   0.0 |      21 |       0 |   0.0
        D:2 |      32 |       0 |   0.0 |      17 |       0 |   0.0
        D:3 |     215 |      37 |  14.7 |      38 |       1 |   2.6
        D:4 |     133 |       1 |   0.7 |      13 |       1 |   7.1
            +---------+---------+-------+---------+---------+-------
